AoeStats
← tobinho_125

Nomad

507106874Analyzed
3v3 RM · 15d ago on Sep 16, 2026· 66m 0s· 6 players
Game mode
Random Map
Map size
210×210
Population
200
Speed
Normal
Resources
Standard
Victory
Conquest
Starting age
Dark Age
Ending age
Imperial Age
RankedLock teamsTeams togetherTeam positionsShared explorationLock speedFull tech treeHidden civsTurbo modeCheats
Victory
Defeat
🇩🇪 Hindustanis · Germany
899
+18
🇩🇪 Wu · Germany
888
+19
🇦🇷 Vikings · Argentina
864
+19
🇨🇦 Japanese · Canada
965
-20
🇩🇪 Franks · Germany
935
-18
🇮🇳 Burgundians · India
930
-18
tobinho_125
5:19 Loom
5:52 Loom
13:56 Feudal Age
18:20 Wheelbarrow
21:47 Castle Age
20:09 Scale Barding Armor
23:44 Horse Collar
23:53 Double-Bit Axe
29:17 Hand Cart
28:47 Town Watch
29:26 Ballistics
31:26 Padded Archer Armor
31:47 Chain Barding Armor
31:54 Husbandry
32:30 Bow Saw
32:23 Heavy Plow
34:09 Light Cavalry
34:59 Bloodlines
37:32 Imperial Age
38:17 Leather Archer Armor
38:12 Forging
37:42 Hussar
39:10 Conscription
38:17 Heavy Camel Rider
39:42 Gold Mining
39:44 Stone Mining
42:45 Chemistry
46:53 Ring Archer Armor
46:59 Plate Barding Armor
46:59 Iron Casting
47:46 Fletching
47:56 Scale Mail Armor
55:51 Shatagni
Cramgee
14:40 Feudal Age
13:34 Loom
15:14 Arson
15:45 Man-at-Arms
16:39 Gold Mining
16:54 Town Watch
17:29 Scale Mail Armor
20:22 Castle Age
20:00 Forging
20:26 Long Swordsman
23:37 Iron Casting
29:54 Chain Mail Armor
32:30 Fletching
33:51 Bodkin Arrow
41:36 Red Cliffs Tactics
50:43 Double-Bit Axe
59:21 Horse Collar
Lanchona
5:14 Loom
15:03 Feudal Age
16:19 Double-Bit Axe
20:40 Castle Age
20:55 Horse Collar
21:09 Gold Mining
21:13 Stone Mining
21:35 Bow Saw
23:01 Man-at-Arms
23:27 Gambesons
23:43 Squires
24:00 Long Swordsman
35:42 Imperial Age
35:07 Chieftains
35:21 Forging
35:12 Scale Mail Armor
36:26 Two-Handed Swordsman
40:01 Two-Man Saw
39:39 Gold Shaft Mining
40:20 Elite Longship
54:38 Iron Casting
54:18 Chain Mail Armor
54:24 Champion
54:50 Arson
BABAN
2:52 Loom
16:38 Feudal Age
17:30 Gold Mining
18:25 Arson
18:33 Man-at-Arms
20:58 Wheelbarrow
24:58 Fletching
27:11 Castle Age
26:41 Scale Mail Armor
27:18 Town Watch
28:14 Hand Cart
28:04 Stone Mining
ooo000ooo
7:24 Loom
14:25 Feudal Age
19:53 Castle Age
17:47 Double-Bit Axe
18:38 Fletching
20:56 Medium Warships
20:44 Bodkin Arrow
20:44 Pikeman
22:28 Scale Mail Armor
23:16 Stone Mining
23:44 Chain Mail Armor
23:48 Bow Saw
25:29 Padded Archer Armor
27:05 Gold Mining
30:32 Careening
30:33 Clinker Construction
32:59 Ballistics
37:52 Imperial Age
35:42 Murder Holes
36:53 Leather Archer Armor
36:49 Forging
37:42 Wheelbarrow
38:09 Thumb Ring
38:05 Heavy Cavalry Archer
38:55 Bracer
41:26 Chemistry
42:35 Fishing Lines
43:47 Kataparuto
46:19 Bloodlines
46:10 Husbandry
47:12 Parthian Tactics
47:06 Elite Samurai
48:39 Plate Mail Armor
49:39 Ring Archer Armor
48:53 Halberdier
51:09 Iron Casting
51:22 Arson
51:22 Gambesons
51:38 Squires
iamlegolas312
4:40 Loom
9:39 Fishing Lines
12:49 Double-Bit Axe
18:31 Feudal Age
17:08 Gold Mining
17:48 Horse Collar
19:10 Gillnets
20:33 Town Watch
24:48 Castle Age
23:16 Forging
23:59 Fletching
24:10 Padded Archer Armor
27:13 Medium Warships
30:51 Horse Collar
33:54 Wheelbarrow
34:12 Bodkin Arrow
34:33 Leather Archer Armor
35:31 Pikeman
36:30 Leather Archer Armor
36:50 Iron Casting
36:55 Bow Saw
36:41 Stone Mining
39:10 Burgundian Vineyards
46:47 Imperial Age
44:30 Scale Barding Armor
45:06 Hand Cart
48:14 Conscription
48:56 Blast Furnace
49:21 Scale Mail Armor
Connection lost

Rejoining the realm…

Still unreachable

The connection could not be restored.

Session expired

The server has moved on; the page needs a fresh start.